 Dungeon Crawl Stone Soup version 0.19-a0-1213-g90c832c (webtiles) character file.

8384 LORDOFBUTT the Cleaver (level 11, 0/101 HPs)
             Began as a Minotaur Berserker on Aug 23, 2016.
             Was a High Priest of Trog.
             Slain by Snorg (9 damage)
             ... on level 10 of the Dungeon.
             The game lasted 00:20:17 (7597 turns).

LORDOFBUTT the Cleaver (Minotaur Berserker)         Turns: 7597, Time: 00:20:17

Health: 0/101      AC: 16    Str: 27    XL:     11   Next: 9%
Magic:  10/10      EV: 16    Int:  5    God:    Trog [*****.]
Gold:   550        SH:  0    Dex: 12    Spells: 0 memorised, 10 levels left

rFire  . . .     SeeInvis .     s - +0 broad axe
rCold  . . .     Gourm    .     k - +2 chain mail {rN+}
rNeg   + . .     Faith    .     (no shield)
rPois  .         Spirit   .     L - +0 hat
rElec  .         Dismiss  .     (no cloak)
rCorr  .         Reflect  .     a - +0 pair of gloves
MR     .....     Harm     +     (no boots)
Stlth  .......... Clarity  +    i - amulet of harm
                                M - +3 ring of evasion
                                f - +3 ring of protection

@: mighty
A: retaliatory headbutt, horns 2, clarity, screaming 1
a: Berserk, Trog's Hand, Brothers in Arms, Burn Spellbooks, Renounce Religion


You were on level 10 of the Dungeon.
You worshipped Trog.
Trog was extremely pleased with you.
You were not hungry.

You visited 1 branch of the dungeon, and saw 10 of its levels.
You also visited: Ossuary.

You collected 550 gold pieces.

Inventory:

Hand Weapons
 s - a +0 broad axe (weapon)
Missiles
 K - 3 javelins of penetration (quivered)
Armour
 a - a +0 pair of gloves (worn)
 k - a +2 chain mail of positive energy (worn)
 L - a +0 hat (worn)
Jewellery
 f - a +3 ring of protection (left hand)
 i - an amulet of harm (around neck)
 v - an uncursed ring of poison resistance
 I - an uncursed ring of resist corrosion
 J - a +3 ring of evasion
 M - a +3 ring of evasion (right hand)
Wands
 B - a wand of polymorph (22/24)
 G - a wand of flame (17/48)
 N - a wand of flame (27/48)
Scrolls
 d - 3 scrolls of remove curse
 j - a scroll of enchant armour {unknown}
 l - a scroll of recharging
 m - 4 scrolls of teleportation
 p - a scroll of enchant weapon {unknown}
 q - a scroll of fog {unknown}
 y - a scroll of silence {unknown}
 D - a scroll of noise {unknown}
 H - a scroll of fear {unknown}
 O - a scroll of blinking {unknown}
Potions
 b - 5 potions of brilliance
 g - a potion of invisibility
 h - 2 potions of heal wounds
 n - 2 potions of flight
 o - a potion of magic
 r - 3 potions of curing
 u - a potion of agility
 x - a potion of haste {unknown}
 C - 2 potions of degeneration
 P - a potion of ambrosia {unknown}
 S - a potion of mutation {unknown}
Books
 E - a book of Fire

   Spells                             Type                      Level
   a - Ignite Poison                  Fire/Transmutation/Poison    3
   b - Fireball                       Conjuration/Fire             5
   c - Bolt of Fire                   Conjuration/Fire             6
   d - Delayed Fireball               Conjuration/Fire             7
   e - Ring of Flames                 Charms/Fire                  7
   Trog disapproves of the use of such an item.
 R - a book of Air

   Spells                             Type                      Level
   a - Shock                          Conjuration/Air              1
   b - Swiftness                      Charms/Air                   2
   c - Repel Missiles                 Charms/Air                   2
   d - Static Discharge               Conjuration/Air              3
   e - Lightning Bolt                 Conjuration/Air              5
   Trog disapproves of the use of such an item.
Comestibles
 t - 2 meat rations
 z - 4 bread rations
 A - 14 royal jellies
 F - a beef jerky


   Skills:
 + Level 10.7 Fighting
 + Level 12.1 Axes
 + Level 6.0 Armour
 + Level 10.4 Dodging
 + Level 3.7 Stealth


You had 10 spell levels left.
You didn't know any spells.

Dungeon Overview and Level Annotations

Branches:
Dungeon (10/15)            Temple (0/1) D:6            Lair (0/6) D:9
    Orc (0/2) D:9

Altars:
Ashenzari
Elyvilon
Fedhas
Gozag
Hepliaklqana
Kikubaaqudgha
Okawaru
Trog
Vehumet

Shops:
D:4 (   D:7 (   D:9 [

Annotations:
D:10 Snorg


Innate Abilities, Weirdness & Mutations

You reflexively headbutt those who attack you in melee.
You have a pair of horns on your head.
You possess an exceptional clarity of mind.
You occasionally shout uncontrollably at your foes.


Message History

There is an open door here.
Snorg bites you.
* * * LOW HITPOINT WARNING * * *
Snorg claws you.
* * * LOW HITPOINT WARNING * * *
Snorg claws you.
* * * LOW HITPOINT WARNING * * *
You feel very mighty all of a sudden. Snorg bites you!
* * * LOW HITPOINT WARNING * * *
Snorg misses you. Snorg barely misses you.
You slash Snorg! Your headbutt misses Snorg.
Snorg is severely wounded.
Snorg closely misses you. You furiously retaliate!
You headbutt Snorg! Snorg barely misses you. Snorg closely misses you.
Snorg misses you. Snorg closely misses you. Snorg misses you.
Your chain mail prevents you from hitting Snorg.
Snorg is almost dead.
Snorg misses you. Snorg claws you!
You die...

....#
.......).#
....#
.........#
....#
.........#
<...#
.........#
....#
.........#
#####
.........# #
#######'## #
#T# ##### #@#
....##### #.#
........# #.#
....###.#####
#.# ....#
#.....####.#
....#
#####...##.#
....#
###.##.##
....#
#.....######
....#
####........


You could see Snorg (berserk).

Vanquished Creatures
  Gastronok (D:8)
  Pikel (D:7)
  The ghost of oldriver the Shield-Bearer, a novice GrFi (D:3)
  A queen bee (D:10)
  Prince Ribbit (D:9)
  A wyvern (D:10)
  Menkaure (D:7)
  A hippogriff (D:9)
  3 sky beasts
  A black bear (D:8)
  3 orc warriors
  4 slaves (D:7)
  4 ogres
  2 phantoms
  2 centaurs (D:7)
  An elf zombie (Ossuary)
  3 giant frogs
  A wyvern zombie (D:10)
  3 scorpions
  19 killer bees (D:10)
  4 howler monkeys
  3 crimson imps
  A giant frog zombie (D:5)
  A quasit (D:7)
  Crazy Yiuf (D:7)
  3 centaur skeletons
  6 hounds
  4 jellies
  8 orc priests
  2 centaur zombies (Ossuary)
  2 human zombies (Ossuary)
  13 orc wizards
  4 iguanas
  3 giant frog skeletons
  Terence (D:3)
  4 worker ants
  A big kobold zombie (Ossuary)
  A hound zombie (Ossuary)
  A hound skeleton (D:3)
  3 mummies (Ossuary)
  3 worker ant zombies
  10 adders
  7 gnolls
  4 shadow imps
  An ooze (D:3)
  3 adder zombies
  2 adder skeletons
  5 worms
  2 dart slugs (D:2)
  10 giant geckos
  53 orcs
  4 ball pythons
  7 bats
  5 giant cockroaches
  2 gnoll zombies (Ossuary)
  6 goblins
  9 hobgoblins
  17 jackals
  2 giant gecko skeletons
  5 giant newts
  4 goblin zombies (Ossuary)
  3 hobgoblin zombies (Ossuary)
  4 jackal zombies (Ossuary)
  9 kobolds
  4 kobold zombies (Ossuary)
  An orc zombie (Ossuary)
  3 quokka zombies (Ossuary)
  2 rats (D:2)
  4 rat zombies (Ossuary)
  A bush (D:5)
312 creatures vanquished.

Vanquished Creatures (collateral kills)
  A hill giant (D:10)
  A quokka (D:10)
2 creatures vanquished.

Vanquished Creatures (others)
  A plant (D:5)
1 creature vanquished.

Grand Total: 315 creatures vanquished

Notes
Turn   | Place    | Note
-------+----------+-------------------------------------------
     0 | D:1      | LORDOFBUTT the Minotaur Berserker began the quest for the Orb.
     0 | D:1      | Reached XP level 1. HP: 19/19 MP: 0/0
   120 | D:1      | Reached XP level 2. HP: 26/27 MP: 1/1
   292 | D:1      | Reached skill level 4 in Axes
   860 | D:2      | Reached XP level 3. HP: 31/33 MP: 2/2
   886 | D:2      | Reached XP level 4. HP: 13/41 MP: 3/3
  1108 | D:2      | Found a faded altar of an unknown god.
  1123 | D:2      | Reached ** piety under Trog
  1212 | D:2      | You fall through a shaft for 2 floors!
  1325 | D:4      | Found Xysox's Weapon Boutique.
  1410 | D:3      | Reached skill level 5 in Fighting
  1414 | D:3      | Reached XP level 5. HP: 42/48 MP: 4/4
  1734 | D:3      | Noticed oldriver's ghost (novice GrFi)
  1744 | D:3      | Killed oldriver's ghost
  1744 | D:3      | Reached skill level 5 in Axes
  1744 | D:3      | Reached skill level 1 in Stealth
  1744 | D:3      | Reached XP level 6. HP: 57/57 MP: 5/5
  1929 | D:3      | Reached skill level 5 in Dodging
  1977 | D:3      | Noticed Terence
  1985 | D:3      | Killed Terence
  2270 | D:4      | Reached XP level 7. HP: 43/63 MP: 6/6
  2297 | D:4      | Reached *** piety under Trog
  2605 | D:5      | Entered Level 5 of the Dungeon
  2634 | D:5      | Reached skill level 6 in Axes
  2820 | D:5      | Found a blossoming altar of Fedhas.
  2864 | D:5      | Found a white marble altar of Elyvilon.
  2915 | D:5      | Reached XP level 8. HP: 43/71 MP: 7/7
  2920 | D:5      | Found a sand-covered staircase.
  2940 | Ossuary  | Entered an ossuary
  3005 | Ossuary  | Reached **** piety under Trog
  3321 | Ossuary  | Reached skill level 7 in Axes
  3647 | D:5      | Found a radiant altar of Vehumet.
  3647 | D:5      | Found an iron altar of Okawaru.
  3647 | D:5      | Found a bloodstained altar of Trog.
  4148 | D:6      | Found a shattered altar of Ashenzari.
  4440 | D:6      | Found a staircase to the Ecumenical Temple.
  4656 | D:7      | Noticed Pikel
  4676 | D:7      | Killed Pikel
  4676 | D:7      | Reached skill level 8 in Axes
  4676 | D:7      | Reached XP level 9. HP: 81/81 MP: 8/8
  4729 | D:7      | Noticed Menkaure
  4733 | D:7      | Killed Menkaure
  4830 | D:7      | Found a hazy altar of Hepliaklqana.
  4835 | D:7      | Reached ***** piety under Trog
  5051 | D:7      | Found Ogatypsy's Antique Weapon Shop.
  5219 | D:7      | Found a blossoming altar of Fedhas.
  5219 | D:7      | Found an ancient bone altar of Kikubaaqudgha.
  5291 | D:7      | Found a runed door.
  5524 | D:7      | Noticed Crazy Yiuf
  5528 | D:7      | Killed Crazy Yiuf
  5528 | D:7      | Reached skill level 9 in Axes
  6070 | D:8      | Noticed Gastronok
  6081 | D:8      | Killed Gastronok
  6081 | D:8      | Received a gift from Trog
  6081 | D:8      | Reached skill level 10 in Axes
  6081 | D:8      | Reached skill level 5 in Armour
  6081 | D:8      | Reached XP level 10. HP: 92/92 MP: 9/9
  6466 | D:9      | Received a gift from Trog
  6475 | D:9      | Found a staircase to the Orcish Mines.
  6547 | D:9      | Noticed Prince Ribbit
  6553 | D:9      | Killed Prince Ribbit
  6553 | D:9      | Reached skill level 10 in Dodging
  6678 | D:9      | Found an opulent altar of Gozag.
  6694 | D:9      | Found a staircase to the Lair.
  6718 | D:9      | Gained mutation: You possess an exceptional clarity of mind. [mutagenic meat]
  6721 | D:9      | Gained mutation: You occasionally shout uncontrollably at your foes. [mutagenic meat]
  6823 | D:9      | Reached skill level 11 in Axes
  6832 | D:9      | Reached skill level 10 in Fighting
  6952 | D:9      | Found Geff's Armour Emporium.
  7273 | D:10     | Entered Level 10 of the Dungeon
  7409 | D:10     | Reached XP level 11. HP: 89/101 MP: 10/10
  7449 | D:10     | Reached skill level 12 in Axes
  7532 | D:10     | Noticed a hill giant
  7538 | D:10     | Killed a hill giant
  7583 | D:10     | Noticed Snorg
  7590 | D:10     | HP: 3/101 [Snorg (19)]
  7597 | D:10     | Slain by Snorg

Vault maps used:
D:1:      erik_arrival_triangle_small, hangedman_decor_push
D:2:      first_bread, ecumenical_altar_1
D:3:      kennysheep_crisscross, uniq_terence
D:4:      lemuel_upstairs_altar, serial_shops, shop
D:5:      elyvilon_altar_1, gammafunk_temple_overflow_forgotten,
          nicolae_ossuary_entry_false_entrances, hangedman_decor_opposing,
          columned_hall_lemuel, fedhas_altar_4
D:6:      overflow_temple_1_default, minmay_misc_feat_plants,
          corexii_item_surrounded_by_moat
D:7:      grunt_temple_overflow_growth_and_decay, old_standard_altar,
          serial_shops, shop, uniq_pikel, uniq_menkaure, uniq_crazy_yiuf_cottage
D:8:      uniq_gastronok
D:9:      grunt_gozag_statues, lair_0_dummy, hiddenorc2_lemuel, serial_shops,
          shop, uniq_prince_ribbit1
D:10:     special_room, uniq_snorg
Ossuary:  minmay_ossuary_two_tombs

Skill      XL: |  1  2  3  4  5  6  7  8  9 10 11 |
---------------+----------------------------------+-----
Axes           | 4 5 6 8 10 11 12 | 12.1
Fighting       | 4 5 6 8 9 10 | 10.7
Dodging        | 3 4 5 6 8 9 10 | 10.4
Stealth        | 1 2 3 |  3.7
Armour         | 3 4 5 6 |  6.0

Action                   |  1- 3 |  4- 6 |  7- 9 | 10-12 || total
-------------------------+-------+-------+-------+-------++-------
Melee: Hand axe          |    66 |    90 |   207 |       ||   363
       Headbutt          |     6 |    20 |    64 |    48 ||   138
       Broad axe         |       |       |   113 |   211 ||   324
Invok: Berserk           |     1 |     1 |     6 |     1 ||     9
       Burn Spellbooks   |       |       |     1 |       ||     1
  Use: Scroll            |       |       |     4 |    13 ||    17
       Potion            |       |       |       |     2 ||     2
 Stab: Sleeping          |       |       |     2 |       ||     2
  Eat: Chunk             |     3 |       |     2 |     2 ||     7
       Pizza             |       |     1 |       |       ||     1
       Bread ration      |       |     1 |     2 |     2 ||     5
       Royal jelly       |       |       |     1 |       ||     1
       Meat ration       |       |       |     1 |       ||     1
Armor: Animal skin       |    14 |     4 |       |       ||    18
       Leather armour    |       |    14 |    77 |     1 ||    92
       Skin              |       |       |    10 |       ||    10
       Chain mail        |       |       |       |    56 ||    56
       Crystal plate arm |       |       |       |    22 ||    22
Dodge: Dodged            |    55 |    69 |   214 |   154 ||   492
